 Dungeon Crawl Stone Soup version 0.23.2-40-g277498a001 (webtiles) character file.

Game seed: 17040353415089386505

254 Felnil the Skirmisher (level 5, -6/47 HPs)
             Began as a Mummy Fighter on Aug 20, 2019.
             Shot with an arrow by a centaur (8 damage)
             ... on level 5 of the Dungeon.
             The game lasted 00:06:30 (2899 turns).

Felnil the Skirmisher (Mummy Fighter)               Turns: 2899, Time: 00:06:31

Health: -6/47      AC:  6    Str: 20    XL:     5   Next: 90%
Magic:  5/5        EV:  7    Int:  7    God:
Gold:   213        SH:  9    Dex: 12    Spells: 4/4 levels left

rFire    . . .     SeeInvis .   a - +0 war axe
rCold    + . .     Gourm    .   c - +0 shield
rNeg     + + +     Faith    .   b - +0 scale mail
rPois    ∞         Spirit   .   (no helmet)
rElec    .         Reflect  .   (no cloak)
rCorr    .         Harm     .   (no gloves)
MR       .....                  (no boots)
Stlth    ..........             (no amulet)
HPRegen  0.15/turn              f - ring of protection from fire
MPRegen  0.09/turn              h - ring of flight

@: about to teleport
A: no food or potions, fire vulnerability, cold resistance 1, negative energy
resistance 3, torment resistance, unbreathing
a: Evoke Flight


You were on level 5 of the Dungeon.
You were not hungry.

You visited 1 branch of the dungeon, and saw 5 of its levels.

You collected 213 gold pieces.

Inventory:

Hand Weapons
 a - a +0 war axe (weapon)
Armour
 b - a +0 scale mail (worn)
 c - a +0 shield (worn)
Jewellery
 f - a ring of protection from fire (left hand)
 h - a ring of flight (right hand)
Scrolls
 d - a scroll of enchant armour {unknown}
 e - 2 scrolls of immolation {unknown}
 g - 5 scrolls of teleportation
 i - 2 scrolls of identify {unknown}
 j - a scroll of fear {unknown}


   Skills:
 + Level 6.7 Fighting
 - Level 1.5 Axes
 - Level 2.4 Armour
 - Level 2.4 Shields


You had 4 spell levels left.
You didn't know any spells.
Your spell library was empty.

Dungeon Overview and Level Annotations

Branches:
Dungeon (5/15)
 Temple: D:4-7

Altars:
Ashenzari
Yredelemnul

Shops:
D:4 *

Annotations:
D:5 Blork the orc


Innate Abilities, Weirdness & Mutations

You do not eat or drink.
Your flesh is vulnerable to fire.
You are immune to poison.
Your flesh is cold resistant. (rC+)
You are immune to negative energy. (rN+++)
You are immune to unholy pain and torment.
You can survive without breathing.


Message History

The orc warrior hits you with a +0 flail!
The jackal bites you but does no damage.
You climb downwards.
A centaur and Blork the orc come into view.
Blork the orc is wielding a +2 long sword of holy wrath.
Blork the orc shouts!
There is a stone staircase leading up here.
As you read the scroll labeled USIORI XUDUHEN, it crumbles to dust.
You feel strangely unstable.
It was a scroll of teleportation.
You block the jackal's attack. x2; The centaur wields a +0 shortbow.
The centaur shoots an arrow.
The arrow barely misses you.
The arrow closely misses the jackal.
The jackal barely misses you.
The orc warrior hits you with a +0 flail!
* * * LOW HITPOINT WARNING * * *
The centaur shoots an arrow.
The arrow hits you!
* * * LOW HITPOINT WARNING * * *
You see here an arrow.
A giant cockroach comes into view.
The centaur shoots an arrow.
The arrow hits you!
You die...

#. ..... . ...
#.... .. ....##
.... ...
.s.#..##... ....
#.....#.. .....
###c.....##.o.##
#.... #..<.....#
#....#o(..(.....
#...@hh.##....
#..##.........
#. .....### . #
#..#### #...
##.. ###. #


You could see Blork the orc, an orc warrior, a centaur, 2 jackals and a giant
cockroach.

Vanquished Creatures
  2 orc priests (D:3)
  An orc wizard (D:3)
  5 adders
  3 oozes
  3 worms
  A dart slug (D:2)
  3 leopard geckos
  13 orcs
  2 ball pythons (D:1)
  9 bats
  A giant cockroach (D:3)
  6 goblins
  11 hobgoblins
  3 jackals (D:2)
  2 quokkas
  2 frilled lizards
  2 gnoll zombies (D:3)
  11 kobolds
  6 rats
86 creatures vanquished.

Notes
Turn   | Place    | Note
-------+----------+-------------------------------------------
     0 | D:1      | Felnil the Mummy Fighter began the quest for the Orb.
     0 | D:1      | Reached XP level 1. HP: 18/18 MP: 1/1
   107 | D:1      | Reached XP level 2. HP: 10/24 MP: 2/2
   494 | D:1      | Reached skill level 4 in Fighting
   972 | D:2      | Reached XP level 3. HP: 31/31 MP: 3/3
  1251 | D:2      | Reached skill level 5 in Fighting
  1251 | D:2      | Reached XP level 4. HP: 36/39 MP: 4/4
  1713 | D:3      | Reached XP level 5. HP: 14/46 MP: 5/5
  1757 | D:3      | Reached skill level 6 in Fighting
  2307 | D:3      | Found a shattered altar of Ashenzari.
  2364 | D:3      | Found a basalt altar of Yredelemnul.
  2806 | D:4      | Found Fodoi's Assorted Antiques.
  2817 | D:4      | Noticed an orc warrior
  2896 | D:5      | Entered Level 5 of the Dungeon
  2896 | D:5      | Noticed Blork the orc
  2896 | D:5      | Noticed a centaur
  2898 | D:5      | HP: 2/47 [centaur/arrow (8)]
  2899 | D:5      | Shot with an arrow by a centaur

Skill      XL: |  1  2  3  4  5 |
---------------+----------------+-----
Fighting       | 4 5 6 |  6.7
Axes           | |  1.5
Armour         | |  2.4
Shields        | |  2.4

Action                   |  1- 3 |  4- 6 || total
-------------------------+-------+-------++-------
Melee: War axe           |   143 |   167 ||   310
  Use: Scroll            |       |     1 ||     1
Armor: Scale mail        |    68 |    99 ||   167
Dodge: Dodged            |    54 |    57 ||   111
Block: Shield            |    85 |    98 ||   183
